WCHLSIM.com - West Coast Hockey League
html PUBLIC "-//W3C//DTD XHTML 1.0 Transitional//EN" "http://www.w3.org/TR/xhtml1/DTD/xhtml1-transitional.dtd"> WCHL - Game 1101 - SAN JOSE BRONCOS vs LAS VEGAS LIZARD KINGS

SAN JOSE BRONCOS vs LAS VEGAS LIZARD KINGS

Created - 29 avril 2021 at 23:02

Goals
1 2 3 T
SAN JOSE BRONCOS 0 0 3 3
LAS VEGAS LIZARD KINGS 0 0 0 0
Shots
1 2 3 T
SAN JOSE BRONCOS 11 8 22 41
LAS VEGAS LIZARD KINGS 10 10 6 26

1st period

No Goal

Penalties :
Drake Caggiula (LVG) for Diving (Minor) at 19:49

2nd period

No Goal

Penalties :
Adam Pelech (SJO) for Tripping (Minor) at 2:20, Craig Smith (SJO) for Hooking (Minor) at 7:14, Oliver Bjorkstrand (SJO) for Hooking (Minor) at 12:18, Matt Roy (LVG) for Hooking (Minor) at 17:12

3rd period

1. SAN JOSE BRONCOS , Evgeni Malkin 33 (Claude Giroux 39, Connor Brown 33) at 0:16
2. SAN JOSE BRONCOS , Claude Giroux 30 (Evgeni Malkin 49) at 5:15
3. SAN JOSE BRONCOS , Oliver Bjorkstrand 30 (Brayden Point 45, Elias Lindholm 42) at 9:16

Penalties :
No Penalty

Goalie Stats

Jacob Markstrom (SJO), 26 saves from 26 shots - (1,000), W, 37-14-7, 60:00 minutes
Alex Stalock (LVG), 38 saves from 41 shots - (0,927), L, 13-6-2, 60:00 minutes

Players Stats for SAN JOSE BRONCOS

Player Name              G  A  P  +/- PIM S  H  SB GA TA FO     MP     PP MP  PK MP  
------------------------------------------------------------------------------------
Adam Pelech              0  0  0   0  2   0  0  0  0  0  0/0    14:54   0:00   1:50 
Anthony Beauvillier      0  0  0   0  0   2  0  0  0  0  0/0    12:44   0:00   0:06 
Brayden Point            0  1  1   1  0   2  0  0  0  0  14/27  19:43   2:25   0:00 
Charlie Coyle            0  0  0   0  0   0  0  0  0  0  1/1     4:56   0:00   1:04 
Chris Tanev              0  0  0   1  0   4  1  0  0  0  0/0    22:44   2:40   3:14 
Claude Giroux            1  1  2   2  0   3  1  0  0  0  1/1    20:19   1:33   2:29 
Connor Brown             0  1  1   2  0   4  0  0  0  0  1/2    18:42   2:25   0:00 
Craig Smith              0  0  0   0  2   1  0  0  0  0  0/0    12:37   0:00   0:00 
David Kampf              0  0  0   0  0   0  0  0  0  0  0/1     3:52   0:00   0:00 
Elias Lindholm           0  1  1   1  0   6  3  0  0  0  0/0    19:43   2:25   0:00 
Evgeni Malkin            1  1  2   2  0   4  2  1  0  0  13/22  21:18   1:33   3:28 
Hampus Lindholm          0  0  0   1  0   2  1  0  0  0  0/0    22:42   2:40   3:12 
Jaccob Slavin            0  0  0   2  0   3  0  1  0  0  0/0    24:13   1:18   2:45 
Marco Scandella          0  0  0   0  0   0  0  1  0  0  0/0    13:58   0:00   0:53 
Neal Pionk               0  0  0   2  0   0  0  0  0  0  0/0    21:28   1:18   0:00 
Nick Bonino              0  0  0   0  0   3  0  0  0  0  14/24  15:07   0:00   2:29 
Oliver Bjorkstrand       1  0  1   1  2   7  1  1  0  0  0/2    21:08   1:33   2:18 
Tyler Motte              0  0  0   0  0   0  1  0  0  0  0/0     3:52   0:00   0:00 

Players Stats for LAS VEGAS LIZARD KINGS

Player Name              G  A  P  +/- PIM S  H  SB GA TA FO     MP     PP MP  PK MP  
------------------------------------------------------------------------------------
Barclay Goodrow          0  0  0  -1  0   4  6  0  0  0  3/9    21:20   2:45   2:06 
Brayden McNabb           0  0  0  -2  0   0  3  4  0  0  0/0    21:29   0:00   2:02 
Derek Ryan               0  0  0   0  0   2  0  0  0  0  9/15   11:25   0:00   0:00 
Drake Caggiula           0  0  0   0  2   1  2  0  0  0  0/1    11:24   0:00   0:00 
Dylan Gambrell           0  0  0   0  0   0  0  0  0  0  1/2     5:02   0:00   1:49 
Evan Rodrigues           0  0  0   0  0   0  0  0  0  0  3/5     3:13   0:00   0:00 
Jeff Skinner             0  0  0   0  0   2  0  0  0  0  0/0    11:25   0:00   0:00 
John Marino              0  0  0  -1  0   0  3  2  0  0  0/0    22:32   2:52   1:56 
Johnny Gaudreau          0  0  0  -2  0   5  0  0  0  0  0/1    22:10   3:12   0:00 
Matt Niskanen            0  0  0  -2  0   0  0  3  0  0  0/0    24:40   3:05   2:08 
Matt Roy                 0  0  0   0  2   0  3  0  0  0  0/0    15:58   3:05   0:00 
Nick Leddy               0  0  0  -1  0   0  1  1  0  0  0/0    20:36   2:52   0:00 
Nino Niederreiter        0  0  0  -1  0   2  0  0  0  0  0/1    21:14   2:45   2:00 
Olli Maatta              0  0  0   0  0   0  1  2  0  0  0/0    14:44   0:00   1:50 
Ryan Nugent-Hopkins      0  0  0  -2  0   5  0  2  0  0  7/21   22:10   3:12   0:00 
Sean Monahan             0  0  0  -1  0   3  0  0  0  0  11/23  19:44   3:12   0:03 
Victor Olofsson          0  0  0  -2  0   1  1  0  0  0  1/1    21:43   2:45   0:00 
Zemgus Girgensons        0  0  0   0  0   1  0  0  0  0  1/1     5:11   0:00   1:58 

3 Stars

1 - Jacob Markstrom (SJO)
2 - Evgeni Malkin (SJO)
3 - Claude Giroux (SJO)

Power Play

SAN JOSE BRONCOS - 0 on 2 Attempt(s) - 0,00%
LAS VEGAS LIZARD KINGS - 0 on 3 Attempt(s) - 0,00%

Penalty Kill

SAN JOSE BRONCOS - 3 on 3 Attempt(s) - 100,00% - Score 0 goal in Penalty Kill
LAS VEGAS LIZARD KINGS - 2 on 2 Attempt(s) - 100,00% - Score 0 goal in Penalty Kill

Team Stat

SAN JOSE BRONCOS - Hits : 10 - Faceoff Wins : 44 - Blocked Shots : 4 - Penalty Minutes : 6
LAS VEGAS LIZARD KINGS - Hits : 20 - Faceoff Wins : 36 - Blocked Shots : 14 - Penalty Minutes : 4

Official

Referees : Conor O'Donnell and Dave Lewis
Linesman : Tony Sericolo and Matt Brady

Game Notes

No Game Note

Finance

Level 1 -- Attendance: 4397 (70,13%) -- Ticket Income 967 340 $
Level 2 -- Attendance: 3494 (65,68%) -- Ticket Income 524 100 $
Level 3 -- Attendance: 1452 (69,47%) -- Ticket Income 188 760 $
Level 4 -- Attendance: 2533 (58,63%) -- Ticket Income 253 300 $
Luxury Box -- Attendance: 662 (66,20%) -- Ticket Income 264 800 $
Game was played at the Casino Square Garden.
Total Attendance: 12538 (65,99%)
Total Ticket Income: 2 198 300 $
Other Expense: 21 983 $
Total Income: 2 176 317 $

SAN JOSE BRONCOS

5 vs 5 Forward 
   Center                   Left Wing                Right Wing               Time % Phy DF OF 
 1 Brayden Point            Oliver Bjorkstrand       Elias Lindholm           36     1   2  2  
 2 Evgeni Malkin            Claude Giroux            Connor Brown             33     1   2  2  
 3 Nick Bonino              Anthony Beauvillier      Craig Smith              25     1   2  2  
 4 Charlie Coyle            Tyler Motte              David Kampf              6      1   2  2  

5 vs 5 Defense 
   Defense                  Defense                                           Time % Phy DF OF 
 1 Jaccob Slavin            Neal Pionk                                        40     1   2  2  
 2 Chris Tanev              Hampus Lindholm                                   35     1   2  2  
 3 Marco Scandella          Adam Pelech                                       25     1   2  2  
 4 Jaccob Slavin            Neal Pionk                                        0      1   2  2  

PowerPlay Forward 
   Center                   Left Wing                Right Wing               Time % Phy DF OF 
 1 Brayden Point            Elias Lindholm           Connor Brown             58     1   2  2  
 2 Evgeni Malkin            Claude Giroux            Oliver Bjorkstrand       42     1   2  2  

PowerPlay Defense
   Defense                  Defense                                           Time % Phy DF OF 
 1 Jaccob Slavin            Neal Pionk                                        58     1   2  2  
 2 Hampus Lindholm          Chris Tanev                                       42     1   2  2  

Penalty Kill 4 Players Forward 
   Center                   Wing                     Time % Phy DF OF 
 1 Evgeni Malkin            Oliver Bjorkstrand       50     1   2  2  
 2 Nick Bonino              Claude Giroux            50     1   2  2  

Penalty Kill 4 Players Defense
   Defense                  Defense                  Time % Phy DF OF 
 1 Jaccob Slavin            Chris Tanev              50     1   2  2  
 2 Adam Pelech              Hampus Lindholm          50     1   2  2  

Penalty Kill - 3 Players Forward 
   Forward                                           Time % Phy DF OF 
 1 Nick Bonino                                       50     1   2  2  
 2 Evgeni Malkin                                     50     1   2  2  

Penalty Kill - 3 Players Defense
   Defense                  Defense                  Time % Phy DF OF 
 1 Jaccob Slavin            Chris Tanev              55     1   2  2  
 2 Adam Pelech              Hampus Lindholm          45     1   2  2  

4 vs 4 Forward 
   Center                   Wing                     Time % Phy DF OF 
 1 Brayden Point            Claude Giroux            50     1   2  2  
 2 Elias Lindholm           Anthony Beauvillier      50     1   2  2  

4 vs 4 Defense
   Defense                  Defense                  Time % Phy DF OF 
 1 Chris Tanev              Hampus Lindholm          50     1   2  2  
 2 Marco Scandella          Jaccob Slavin            50     1   2  2  

Last Minutes Offensive
   Center                   Left Wing                Right Wing               Defense                  Defense                  
   Evgeni Malkin            Claude Giroux            Elias Lindholm           Jaccob Slavin            Neal Pionk               

Last Minutes Defensive
   Center                   Left Wing                Right Wing               Defense                  Defense                  
   Evgeni Malkin            Oliver Bjorkstrand       Connor Brown             Chris Tanev              Jaccob Slavin            

Goaltenders
Starting : Jacob Markstrom          
Backup : Robin Lehner             

Extra Forwards
Normal : Connor Brown, Elias Lindholm, Charlie Coyle - PP : Oliver Bjorkstrand, Anthony Beauvillier - PK : Charlie Coyle
Extra Defensemen
Normal : Chris Tanev, Neal Pionk, Hampus Lindholm - PP : Chris Tanev - PK : Chris Tanev, Marco Scandella
Penalty Shots
Evgeni Malkin, Brayden Point, Elias Lindholm, Claude Giroux, Oliver Bjorkstrand
Custom OT Lines Forwards
Brayden Point, Claude Giroux, Evgeni Malkin, Oliver Bjorkstrand, Elias Lindholm, Connor Brown, Nick Bonino, Craig Smith, Charlie Coyle, Anthony Beauvillier
Custom OT Lines Defensemen
Jaccob Slavin, Neal Pionk, Chris Tanev, Adam Pelech, Hampus Lindholm

Scratches
Mike Reilly (Healthy), Matt Irwin (Healthy)

LAS VEGAS LIZARD KINGS

5 vs 5 Forward 
   Center                   Left Wing                Right Wing               Time % Phy DF OF 
 1 Ryan Nugent-Hopkins      Johnny Gaudreau          Victor Olofsson          40     0   1  4  
 2 Sean Monahan             Barclay Goodrow          Nino Niederreiter        35     0   2  3  
 3 Derek Ryan               Jeff Skinner             Drake Caggiula           20     0   3  2  
 4 Evan Rodrigues           Zemgus Girgensons        Dylan Gambrell           5      0   4  1  

5 vs 5 Defense 
   Defense                  Defense                                           Time % Phy DF OF 
 1 Matt Niskanen            Brayden McNabb                                    45     0   2  3  
 2 Nick Leddy               John Marino                                       35     0   2  3  
 3 Matt Roy                 Olli Maatta                                       20     1   2  2  
 4 Matt Niskanen            John Marino                                       0      1   2  2  

PowerPlay Forward 
   Center                   Left Wing                Right Wing               Time % Phy DF OF 
 1 Sean Monahan             Johnny Gaudreau          Ryan Nugent-Hopkins      80     0   0  5  
 2 Barclay Goodrow          Victor Olofsson          Nino Niederreiter        20     0   1  4  

PowerPlay Defense
   Defense                  Defense                                           Time % Phy DF OF 
 1 Nick Leddy               John Marino                                       80     0   0  5  
 2 Matt Niskanen            Matt Roy                                          20     0   1  4  

Penalty Kill 4 Players Forward 
   Center                   Wing                     Time % Phy DF OF 
 1 Barclay Goodrow          Nino Niederreiter        70     0   5  0  
 2 Derek Ryan               Dylan Gambrell           30     0   5  0  

Penalty Kill 4 Players Defense
   Defense                  Defense                  Time % Phy DF OF 
 1 Olli Maatta              Brayden McNabb           65     0   5  0  
 2 Matt Niskanen            John Marino              35     0   5  0  

Penalty Kill - 3 Players Forward 
   Forward                                           Time % Phy DF OF 
 1 Barclay Goodrow                                   55     1   4  0  
 2 Derek Ryan                                        45     1   4  0  

Penalty Kill - 3 Players Defense
   Defense                  Defense                  Time % Phy DF OF 
 1 Nick Leddy               Brayden McNabb           55     1   2  2  
 2 Matt Roy                 Olli Maatta              45     1   2  2  

4 vs 4 Forward 
   Center                   Wing                     Time % Phy DF OF 
 1 Sean Monahan             Johnny Gaudreau          55     0   1  4  
 2 Ryan Nugent-Hopkins      Nino Niederreiter        45     0   3  2  

4 vs 4 Defense
   Defense                  Defense                  Time % Phy DF OF 
 1 Matt Niskanen            Brayden McNabb           55     1   2  2  
 2 Nick Leddy               John Marino              45     1   2  2  

Last Minutes Offensive
   Center                   Left Wing                Right Wing               Defense                  Defense                  
   Ryan Nugent-Hopkins      Johnny Gaudreau          Sean Monahan             Matt Niskanen            John Marino              

Last Minutes Defensive
   Center                   Left Wing                Right Wing               Defense                  Defense                  
   Barclay Goodrow          Ryan Nugent-Hopkins      Nino Niederreiter        John Marino              Brayden McNabb           

Goaltenders
Starting : Alex Stalock             
Backup : Marc-Andre Fleury        

Extra Forwards
Normal : Ryan Nugent-Hopkins, Barclay Goodrow, Nino Niederreiter - PP : Barclay Goodrow, Derek Ryan - PK : Dylan Gambrell
Extra Defensemen
Normal : Matt Roy, Nick Leddy, Olli Maatta - PP : Matt Roy - PK : Matt Niskanen, Olli Maatta
Penalty Shots
Johnny Gaudreau, Sean Monahan, Ryan Nugent-Hopkins, Jeff Skinner, Nino Niederreiter
Custom OT Lines Forwards
Ryan Nugent-Hopkins, Johnny Gaudreau, Sean Monahan, Barclay Goodrow, Victor Olofsson, Nino Niederreiter, Drake Caggiula, Derek Ryan, Dylan Gambrell, Jeff Skinner
Custom OT Lines Defensemen
Matt Niskanen, Brayden McNabb, John Marino, Olli Maatta, Matt Roy

Scratches
Bobby Ryan (Left Hand Injury), Mirco Mueller (Healthy)

% Time on Ice - SAN JOSE BRONCOS

Lines # - Real PCT - Wanted PCT - Time Play
Normal Forward
1 - 35% - 36% - 17:18
2 - 33% - 33% - 16:17
3 - 25% - 25% - 12:38
4 - 8% - 6% - 3:52
Normal Defense
1 - 39% - 40% - 19:22
2 - 34% - 35% - 16:50
3 - 26% - 25% - 13:05
4 - 2% - 0% - 0:48
PP Forward
1 - 61% - 58% - 2:25
2 - 39% - 42% - 1:33
PP Defense
1 - 33% - 58% - 1:18
2 - 67% - 42% - 2:40
PK Forward
1 - 58% - 50% - 3:28
2 - 42% - 50% - 2:29
PK Defense
1 - 46% - 50% - 2:45
2 - 54% - 50% - 3:12
PK3 Forward
1 - 0% - 50%
2 - 0% - 50%
PK3 Defense
1 - 0% - 55%
2 - 0% - 45%
44 Forward
1 - 0% - 50%
2 - 0% - 50%
44 Defense
1 - 0% - 50%
2 - 0% - 50%
Last Minute Offensive  - 0:00
Last Minute Defensive  - 0:00
Total
Forward - 60:00
Defense - 60:00

% Time on Ice - LAS VEGAS LIZARD KINGS

Lines # - Real PCT - Wanted PCT - Time Play
Normal Forward
1 - 38% - 40% - 18:58
2 - 33% - 35% - 16:29
3 - 23% - 20% - 11:25
4 - 6% - 5% - 3:13
Normal Defense
1 - 39% - 45% - 19:27
2 - 35% - 35% - 17:44
3 - 26% - 20% - 12:54
4 - 0% - 0% - 0:00
PP Forward
1 - 54% - 80% - 3:12
2 - 46% - 20% - 2:45
PP Defense
1 - 48% - 80% - 2:52
2 - 52% - 20% - 3:05
PK Forward
1 - 100% - 70% - 3:58
2 - 0% - 30% - 0:00
PK Defense
1 - 51% - 65% - 2:02
2 - 49% - 35% - 1:56
PK3 Forward
1 - 0% - 55%
2 - 0% - 45%
PK3 Defense
1 - 0% - 55%
2 - 0% - 45%
44 Forward
1 - 0% - 55%
2 - 0% - 45%
44 Defense
1 - 0% - 55%
2 - 0% - 45%
Last Minute Offensive  - 0:00
Last Minute Defensive  - 0:00
Total
Forward - 60:00
Defense - 60:00

Play-by-Play

1st period


0:01 of 1st period - Ryan Nugent-Hopkins wins face-off versus Brayden Point in neutral zone.
0:44 of 1st period - Shot by Oliver Bjorkstrand.
0:44 of 1st period - Shot Misses the Net.
1:29 of 1st period - Shot by Evgeni Malkin.
1:29 of 1st period - Shot Misses the Net.
2:22 of 1st period - Icing by Marco Scandella.
2:23 of 1st period - Derek Ryan wins face-off versus Nick Bonino in SAN JOSE BRONCOS zone.
2:45 of 1st period - Shot by Derek Ryan.
2:45 of 1st period - Stopped by Jacob Markstrom with a rebound.
2:47 of 1st period - Shot by Jeff Skinner.
2:47 of 1st period - Stopped by Jacob Markstrom without a rebound.
2:48 of 1st period - Charlie Coyle wins face-off versus Ryan Nugent-Hopkins in SAN JOSE BRONCOS zone.
3:18 of 1st period - Shot by Neal Pionk.
3:18 of 1st period - Shot Misses the Net.
3:20 of 1st period - Shot by Jaccob Slavin.
3:20 of 1st period - Stopped by Alex Stalock without a rebound.
3:21 of 1st period - Derek Ryan wins face-off versus Evgeni Malkin in LAS VEGAS LIZARD KINGS zone.
4:08 of 1st period - Shot by Claude Giroux.
4:08 of 1st period - Shot Blocked by Olli Maatta.
4:15 of 1st period - Icing by Matt Roy.
4:16 of 1st period - Brayden Point wins face-off versus Derek Ryan in LAS VEGAS LIZARD KINGS zone.
4:26 of 1st period - Shot by Elias Lindholm.
4:26 of 1st period - Stopped by Alex Stalock with a rebound.
4:28 of 1st period - Shot by Marco Scandella.
4:28 of 1st period - Shot Misses the Net.
4:30 of 1st period - Shot by Brayden Point.
4:30 of 1st period - Stopped by Alex Stalock without a rebound.
4:31 of 1st period - Nick Bonino wins face-off versus Johnny Gaudreau in LAS VEGAS LIZARD KINGS zone.
4:31 of 1st period - Craig Smith is hit by Brayden McNabb and loses puck.
4:55 of 1st period - Off-side.
4:56 of 1st period - Brayden Point wins face-off versus Sean Monahan in neutral zone.
5:01 of 1st period - Shot by Elias Lindholm.
5:01 of 1st period - Shot Misses the Net.
5:07 of 1st period - Shot by Barclay Goodrow.
5:07 of 1st period - Deflect By Sean Monahan.
5:07 of 1st period - Shot Blocked by Marco Scandella.
5:09 of 1st period - Shot by Nino Niederreiter.
5:09 of 1st period - Shot Misses the Net.
5:11 of 1st period - Shot by Nick Leddy.
5:11 of 1st period - Shot Misses the Net.
5:13 of 1st period - Shot by Nino Niederreiter.
5:13 of 1st period - Deflect By Sean Monahan.
5:13 of 1st period - Shot Misses the Net.
5:31 of 1st period - Shot by Sean Monahan.
5:31 of 1st period - Shot Misses the Net.
5:37 of 1st period - Shot by Sean Monahan.
5:37 of 1st period - Stopped by Jacob Markstrom without a rebound.
5:38 of 1st period - Nick Bonino wins face-off versus Ryan Nugent-Hopkins in SAN JOSE BRONCOS zone.
5:59 of 1st period - Shot by Nick Bonino.
5:59 of 1st period - Shot Misses the Net.
6:19 of 1st period - Shot by Nick Bonino.
6:19 of 1st period - Shot Blocked by Ryan Nugent-Hopkins.
6:21 of 1st period - Shot by Nick Bonino.
6:21 of 1st period - Shot Misses the Net.
6:39 of 1st period - Shot by Connor Brown.
6:39 of 1st period - Stopped by Alex Stalock without a rebound.
6:40 of 1st period - Evan Rodrigues wins face-off versus Brayden Point in LAS VEGAS LIZARD KINGS zone.
7:25 of 1st period - Shot by Elias Lindholm.
7:25 of 1st period - Stopped by Alex Stalock without a rebound.
7:26 of 1st period - Sean Monahan wins face-off versus Evgeni Malkin in LAS VEGAS LIZARD KINGS zone.
7:39 of 1st period - Shot by Sean Monahan.
7:39 of 1st period - Shot Misses the Net.
7:41 of 1st period - Shot by Olli Maatta.
7:41 of 1st period - Shot Misses the Net.
7:45 of 1st period - Shot by Barclay Goodrow.
7:45 of 1st period - Shot Misses the Net.
8:03 of 1st period - Shot by Barclay Goodrow.
8:03 of 1st period - Stopped by Jacob Markstrom without a rebound.
8:04 of 1st period - Nick Bonino wins face-off versus Ryan Nugent-Hopkins in SAN JOSE BRONCOS zone.
8:23 of 1st period - Shot by Anthony Beauvillier.
8:23 of 1st period - Shot Blocked by Brayden McNabb.
9:24 of 1st period - Icing by Chris Tanev.
9:25 of 1st period - Brayden Point wins face-off versus Sean Monahan in SAN JOSE BRONCOS zone.
9:25 of 1st period - Brayden Point is hit by Barclay Goodrow.
9:40 of 1st period - Off-side.
9:41 of 1st period - Evan Rodrigues wins face-off versus Evgeni Malkin in neutral zone.
10:06 of 1st period - Shot by Zemgus Girgensons.
10:06 of 1st period - Stopped by Jacob Markstrom with a rebound.
10:08 of 1st period - Shot by Nick Leddy.
10:08 of 1st period - Shot Blocked by Evgeni Malkin.
10:31 of 1st period - Off-side.
10:32 of 1st period - Brayden Point wins face-off versus Sean Monahan in neutral zone.
10:32 of 1st period - Elias Lindholm is hit by Barclay Goodrow and loses puck.
11:48 of 1st period - Jaccob Slavin is hit by Matt Roy and loses puck.
12:45 of 1st period - Icing by Charlie Coyle.
12:46 of 1st period - Zemgus Girgensons wins face-off versus David Kampf in SAN JOSE BRONCOS zone.
12:47 of 1st period - Shot by Dylan Gambrell.
12:47 of 1st period - Shot Misses the Net.
12:49 of 1st period - Shot by Dylan Gambrell.
12:49 of 1st period - Shot Misses the Net.
12:58 of 1st period - Jaccob Slavin is hit by John Marino and loses puck.
13:35 of 1st period - Shot by Drake Caggiula.
13:35 of 1st period - Stopped by Jacob Markstrom without a rebound.
13:36 of 1st period - Evgeni Malkin wins face-off versus Ryan Nugent-Hopkins in SAN JOSE BRONCOS zone.
14:04 of 1st period - Off-side.
14:05 of 1st period - Brayden Point wins face-off versus Sean Monahan in neutral zone.
14:07 of 1st period - Oliver Bjorkstrand is hit by Matt Roy and loses puck.
14:12 of 1st period - Shot by Oliver Bjorkstrand.
14:12 of 1st period - Stopped by Alex Stalock without a rebound.
14:13 of 1st period - Brayden Point wins face-off versus Sean Monahan in LAS VEGAS LIZARD KINGS zone.
14:30 of 1st period - Shot by Sean Monahan.
14:30 of 1st period - Shot Misses the Net.
14:33 of 1st period - Icing by Oliver Bjorkstrand.
14:34 of 1st period - Brayden Point wins face-off versus Ryan Nugent-Hopkins in SAN JOSE BRONCOS zone.
14:34 of 1st period - Brayden Point is hit by Victor Olofsson.
14:54 of 1st period - Off-side.
14:55 of 1st period - Sean Monahan wins face-off versus Evgeni Malkin in neutral zone.
15:04 of 1st period - Shot by Barclay Goodrow.
15:04 of 1st period - Stopped by Jacob Markstrom with a rebound.
15:06 of 1st period - Shot by Barclay Goodrow.
15:06 of 1st period - Stopped by Jacob Markstrom with a rebound.
15:59 of 1st period - Shot by Victor Olofsson.
15:59 of 1st period - Stopped by Jacob Markstrom without a rebound.
16:00 of 1st period - Derek Ryan wins face-off versus Brayden Point in SAN JOSE BRONCOS zone.
16:22 of 1st period - Shot by Oliver Bjorkstrand.
16:22 of 1st period - Shot Misses the Net.
16:24 of 1st period - Shot by Jaccob Slavin.
16:24 of 1st period - Stopped by Alex Stalock without a rebound.
16:25 of 1st period - Nick Bonino wins face-off versus Ryan Nugent-Hopkins in LAS VEGAS LIZARD KINGS zone.
16:26 of 1st period - Shot by Craig Smith.
16:26 of 1st period - Stopped by Alex Stalock without a rebound.
16:27 of 1st period - Victor Olofsson wins face-off versus Nick Bonino in LAS VEGAS LIZARD KINGS zone.
16:32 of 1st period - Shot by Johnny Gaudreau.
16:32 of 1st period - Shot Misses the Net.
16:34 of 1st period - Shot by Ryan Nugent-Hopkins.
16:34 of 1st period - Stopped by Jacob Markstrom without a rebound.
16:35 of 1st period - Ryan Nugent-Hopkins wins face-off versus Nick Bonino in SAN JOSE BRONCOS zone.
17:22 of 1st period - Icing by Brayden McNabb.
17:23 of 1st period - Brayden Point wins face-off versus Ryan Nugent-Hopkins in LAS VEGAS LIZARD KINGS zone.
17:42 of 1st period - Shot by Oliver Bjorkstrand.
17:42 of 1st period - Shot Misses the Net.
17:44 of 1st period - Shot by Chris Tanev.
17:44 of 1st period - Shot Blocked by Matt Niskanen.
17:48 of 1st period - Shot by Elias Lindholm.
17:48 of 1st period - Deflect By Oliver Bjorkstrand.
17:48 of 1st period - Shot Blocked by Brayden McNabb.
17:52 of 1st period - Shot by Elias Lindholm.
17:52 of 1st period - Shot Blocked by Brayden McNabb.
18:08 of 1st period - Shot by Oliver Bjorkstrand.
18:08 of 1st period - Shot Blocked by Ryan Nugent-Hopkins.
18:10 of 1st period - Shot by Hampus Lindholm.
18:10 of 1st period - Stopped by Alex Stalock with a rebound.
18:43 of 1st period - Shot by Claude Giroux.
18:43 of 1st period - Stopped by Alex Stalock without a rebound.
18:44 of 1st period - Sean Monahan wins face-off versus Nick Bonino in LAS VEGAS LIZARD KINGS zone.
19:23 of 1st period - Shot by Nick Bonino.
19:23 of 1st period - Stopped by Alex Stalock without a rebound.
19:24 of 1st period - Derek Ryan wins face-off versus Evgeni Malkin in LAS VEGAS LIZARD KINGS zone.
19:24 of 1st period - Derek Ryan is hit by Claude Giroux.
19:49 of 1st period - Minor Penalty to Drake Caggiula for Diving.
19:50 of 1st period - Barclay Goodrow wins face-off versus Brayden Point in LAS VEGAS LIZARD KINGS zone.
Goals for this period are 0 for SAN JOSE BRONCOS vs 0 for LAS VEGAS LIZARD KINGS.
Shots for this period are 11 for SAN JOSE BRONCOS vs 10 for LAS VEGAS LIZARD KINGS.

2nd period


0:01 of 2nd period - Barclay Goodrow wins face-off versus Brayden Point in neutral zone.
1:42 of 2nd period - Icing by Hampus Lindholm.
1:43 of 2nd period - Claude Giroux wins face-off versus Barclay Goodrow in SAN JOSE BRONCOS zone.
2:19 of 2nd period - Icing by Craig Smith.
2:20 of 2nd period - Derek Ryan wins face-off versus Nick Bonino in SAN JOSE BRONCOS zone.
2:20 of 2nd period - Minor Penalty to Adam Pelech for Tripping.
2:21 of 2nd period - Evgeni Malkin wins face-off versus Sean Monahan in SAN JOSE BRONCOS zone.
2:52 of 2nd period - Shot by Ryan Nugent-Hopkins.
2:52 of 2nd period - Stopped by Jacob Markstrom with a rebound.
2:54 of 2nd period - Shot by Ryan Nugent-Hopkins.
2:54 of 2nd period - Stopped by Jacob Markstrom without a rebound.
2:55 of 2nd period - Nick Bonino wins face-off versus Barclay Goodrow in SAN JOSE BRONCOS zone.
3:05 of 2nd period - Off-side.
3:06 of 2nd period - Nick Bonino wins face-off versus Barclay Goodrow in neutral zone.
3:27 of 2nd period - Shot by Barclay Goodrow.
3:27 of 2nd period - Shot Misses the Net.
3:29 of 2nd period - Shot by Barclay Goodrow.
3:29 of 2nd period - Deflect By Victor Olofsson.
3:29 of 2nd period - Shot Misses the Net.
3:31 of 2nd period - Shot by Victor Olofsson.
3:31 of 2nd period - Shot Misses the Net.
3:33 of 2nd period - Shot by Nick Leddy.
3:33 of 2nd period - Shot Misses the Net.
3:35 of 2nd period - Shot by Nino Niederreiter.
3:35 of 2nd period - Stopped by Jacob Markstrom without a rebound.
3:36 of 2nd period - Sean Monahan wins face-off versus Nick Bonino in SAN JOSE BRONCOS zone.
4:02 of 2nd period - Shot by Sean Monahan.
4:02 of 2nd period - Deflect By Ryan Nugent-Hopkins.
4:02 of 2nd period - Stopped by Jacob Markstrom without a rebound.
4:03 of 2nd period - Evgeni Malkin wins face-off versus Barclay Goodrow in SAN JOSE BRONCOS zone.
4:22 of 2nd period - Shot by Barclay Goodrow.
4:22 of 2nd period - Shot Blocked by Jaccob Slavin.
5:14 of 2nd period - Icing by Matt Roy.
5:15 of 2nd period - Brayden Point wins face-off versus Sean Monahan in LAS VEGAS LIZARD KINGS zone.
5:40 of 2nd period - Shot by Barclay Goodrow.
5:40 of 2nd period - Shot Misses the Net.
5:42 of 2nd period - Shot by Nino Niederreiter.
5:42 of 2nd period - Shot Blocked by Oliver Bjorkstrand.
5:52 of 2nd period - Shot by Sean Monahan.
5:52 of 2nd period - Deflect By Barclay Goodrow.
5:52 of 2nd period - Shot Misses the Net.
5:54 of 2nd period - Shot by Sean Monahan.
5:54 of 2nd period - Shot Misses the Net.
5:56 of 2nd period - Shot by Barclay Goodrow.
5:56 of 2nd period - Shot Misses the Net.
5:58 of 2nd period - Shot by Nino Niederreiter.
5:58 of 2nd period - Stopped by Jacob Markstrom with a rebound.
6:26 of 2nd period - Shot by Claude Giroux.
6:26 of 2nd period - Deflect By Evgeni Malkin.
6:26 of 2nd period - Shot Misses the Net.
6:44 of 2nd period - Shot by Evgeni Malkin.
6:44 of 2nd period - Shot Blocked by John Marino.
7:14 of 2nd period - Minor Penalty to Craig Smith for Hooking.
7:15 of 2nd period - Sean Monahan wins face-off versus Nick Bonino in SAN JOSE BRONCOS zone.
7:58 of 2nd period - Off-side.
7:59 of 2nd period - Evgeni Malkin wins face-off versus Barclay Goodrow in neutral zone.
8:08 of 2nd period - Oliver Bjorkstrand is hit by Barclay Goodrow.
8:36 of 2nd period - Shot by Nino Niederreiter.
8:36 of 2nd period - Shot Misses the Net.
9:00 of 2nd period - Shot by Johnny Gaudreau.
9:00 of 2nd period - Stopped by Jacob Markstrom with a rebound.
9:02 of 2nd period - Shot by Ryan Nugent-Hopkins.
9:02 of 2nd period - Stopped by Jacob Markstrom with a rebound.
9:04 of 2nd period - Shot by Ryan Nugent-Hopkins.
9:04 of 2nd period - Shot Misses the Net.
9:18 of 2nd period - Brayden McNabb is hit by Tyler Motte.
9:26 of 2nd period - Shot by Derek Ryan.
9:26 of 2nd period - Stopped by Jacob Markstrom without a rebound.
9:27 of 2nd period - Evan Rodrigues wins face-off versus Nick Bonino in SAN JOSE BRONCOS zone.
10:55 of 2nd period - Icing by Neal Pionk.
10:56 of 2nd period - Nick Bonino wins face-off versus Ryan Nugent-Hopkins in SAN JOSE BRONCOS zone.
11:41 of 2nd period - Shot by Elias Lindholm.
11:41 of 2nd period - Deflect By Brayden Point.
11:41 of 2nd period - Stopped by Alex Stalock without a rebound.
11:42 of 2nd period - Connor Brown wins face-off versus Drake Caggiula in LAS VEGAS LIZARD KINGS zone.
12:05 of 2nd period - Shot by Evgeni Malkin.
12:05 of 2nd period - Stopped by Alex Stalock without a rebound.
12:06 of 2nd period - Sean Monahan wins face-off versus Brayden Point in LAS VEGAS LIZARD KINGS zone.
12:06 of 2nd period - Nino Niederreiter is hit by Elias Lindholm and loses puck.
12:10 of 2nd period - Sean Monahan is hit by Oliver Bjorkstrand and loses puck.
12:18 of 2nd period - Minor Penalty to Oliver Bjorkstrand for Hooking.
12:19 of 2nd period - Evgeni Malkin wins face-off versus Sean Monahan in SAN JOSE BRONCOS zone.
13:19 of 2nd period - Claude Giroux is hit by Barclay Goodrow and loses puck.
13:43 of 2nd period - Shot by Barclay Goodrow.
13:43 of 2nd period - Stopped by Jacob Markstrom with a rebound.
14:07 of 2nd period - Shot by Nick Bonino.
14:07 of 2nd period - Stopped by Alex Stalock without a rebound.
14:08 of 2nd period - Sean Monahan wins face-off versus Evgeni Malkin in LAS VEGAS LIZARD KINGS zone.
14:17 of 2nd period - Shot by Sean Monahan.
14:17 of 2nd period - Stopped by Jacob Markstrom without a rebound.
14:18 of 2nd period - Brayden Point wins face-off versus Derek Ryan in SAN JOSE BRONCOS zone.
14:18 of 2nd period - Brayden Point is hit by Drake Caggiula.
14:58 of 2nd period - Shot by Elias Lindholm.
14:58 of 2nd period - Shot Misses the Net.
15:37 of 2nd period - Ryan Nugent-Hopkins is hit by Evgeni Malkin.
16:09 of 2nd period - Shot by Anthony Beauvillier.
16:09 of 2nd period - Stopped by Alex Stalock without a rebound.
16:10 of 2nd period - Sean Monahan wins face-off versus Brayden Point in LAS VEGAS LIZARD KINGS zone.
16:26 of 2nd period - Brayden Point is hit by Olli Maatta and loses puck.
16:52 of 2nd period - Oliver Bjorkstrand is hit by Matt Roy and loses puck.
17:12 of 2nd period - Minor Penalty to Matt Roy for Hooking.
17:13 of 2nd period - Evgeni Malkin wins face-off versus Dylan Gambrell in LAS VEGAS LIZARD KINGS zone.
17:42 of 2nd period - Shot by Claude Giroux.
17:42 of 2nd period - Shot Misses the Net.
17:44 of 2nd period - Shot by Oliver Bjorkstrand.
17:44 of 2nd period - Stopped by Alex Stalock with a rebound.
17:46 of 2nd period - Shot by Claude Giroux.
17:46 of 2nd period - Shot Misses the Net.
17:48 of 2nd period - Shot by Claude Giroux.
17:48 of 2nd period - Deflect By Evgeni Malkin.
17:48 of 2nd period - Shot Misses the Net.
17:50 of 2nd period - Shot by Chris Tanev.
17:50 of 2nd period - Stopped by Alex Stalock without a rebound.
17:51 of 2nd period - Dylan Gambrell wins face-off versus Brayden Point in LAS VEGAS LIZARD KINGS zone.
18:14 of 2nd period - Shot by Elias Lindholm.
18:14 of 2nd period - Stopped by Alex Stalock without a rebound.
18:15 of 2nd period - Brayden Point wins face-off versus Barclay Goodrow in LAS VEGAS LIZARD KINGS zone.
18:24 of 2nd period - Shot by Brayden Point.
18:24 of 2nd period - Shot Misses the Net.
18:38 of 2nd period - Shot by Elias Lindholm.
18:38 of 2nd period - Stopped by Alex Stalock with a rebound.
18:54 of 2nd period - Shot by Zemgus Girgensons.
18:54 of 2nd period - Shot Misses the Net.
19:16 of 2nd period - Off-side.
19:17 of 2nd period - Nick Bonino wins face-off versus Ryan Nugent-Hopkins in neutral zone.
19:34 of 2nd period - Icing by Jaccob Slavin.
19:35 of 2nd period - Nick Bonino wins face-off versus Derek Ryan in SAN JOSE BRONCOS zone.
Goals for this period are 0 for SAN JOSE BRONCOS vs 0 for LAS VEGAS LIZARD KINGS.
Shots for this period are 8 for SAN JOSE BRONCOS vs 10 for LAS VEGAS LIZARD KINGS.

3rd period


0:01 of 3rd period - Evgeni Malkin wins face-off versus Sean Monahan in neutral zone.
0:16 of 3rd period - Shot by Evgeni Malkin.
0:16 of 3rd period - Goal by Evgeni Malkin - SAN JOSE BRONCOS : 1 - LAS VEGAS LIZARD KINGS : 0.
0:17 of 3rd period - Ryan Nugent-Hopkins wins face-off versus Brayden Point in neutral zone.
0:34 of 3rd period - Shot by Johnny Gaudreau.
0:34 of 3rd period - Stopped by Jacob Markstrom without a rebound.
0:35 of 3rd period - Sean Monahan wins face-off versus Evgeni Malkin in SAN JOSE BRONCOS zone.
0:37 of 3rd period - Nino Niederreiter is hit by Chris Tanev and loses puck.
0:45 of 3rd period - Barclay Goodrow is hit by Hampus Lindholm and loses puck.
1:52 of 3rd period - Icing by Brayden McNabb.
1:53 of 3rd period - Sean Monahan wins face-off versus Nick Bonino in LAS VEGAS LIZARD KINGS zone.
2:26 of 3rd period - Shot by Anthony Beauvillier.
2:26 of 3rd period - Stopped by Alex Stalock without a rebound.
2:27 of 3rd period - Brayden Point wins face-off versus Derek Ryan in LAS VEGAS LIZARD KINGS zone.
2:41 of 3rd period - Shot by Jeff Skinner.
2:41 of 3rd period - Stopped by Jacob Markstrom without a rebound.
2:42 of 3rd period - Ryan Nugent-Hopkins wins face-off versus Evgeni Malkin in SAN JOSE BRONCOS zone.
2:51 of 3rd period - Shot by Ryan Nugent-Hopkins.
2:51 of 3rd period - Deflect By Victor Olofsson.
2:51 of 3rd period - Shot Misses the Net.
3:20 of 3rd period - Shot by Evgeni Malkin.
3:20 of 3rd period - Shot Blocked by John Marino.
3:22 of 3rd period - Shot by Chris Tanev.
3:22 of 3rd period - Stopped by Alex Stalock without a rebound.
3:23 of 3rd period - Derek Ryan wins face-off versus Brayden Point in LAS VEGAS LIZARD KINGS zone.
3:23 of 3rd period - Drake Caggiula is hit by Elias Lindholm.
3:57 of 3rd period - Icing by Olli Maatta.
3:58 of 3rd period - Evgeni Malkin wins face-off versus Derek Ryan in LAS VEGAS LIZARD KINGS zone.
4:34 of 3rd period - Shot by Evgeni Malkin.
4:34 of 3rd period - Stopped by Alex Stalock without a rebound.
4:35 of 3rd period - Brayden Point wins face-off versus Sean Monahan in LAS VEGAS LIZARD KINGS zone.
4:39 of 3rd period - Brayden Point is hit by Brayden McNabb and loses puck.
4:50 of 3rd period - Shot by Brayden Point.
4:50 of 3rd period - Shot Misses the Net.
5:09 of 3rd period - Shot by Oliver Bjorkstrand.
5:09 of 3rd period - Stopped by Alex Stalock without a rebound.
5:10 of 3rd period - Evgeni Malkin wins face-off versus Ryan Nugent-Hopkins in LAS VEGAS LIZARD KINGS zone.
5:15 of 3rd period - Shot by Claude Giroux.
5:15 of 3rd period - Goal by Claude Giroux - SAN JOSE BRONCOS : 2 - LAS VEGAS LIZARD KINGS : 0.
5:16 of 3rd period - Evgeni Malkin wins face-off versus Ryan Nugent-Hopkins in neutral zone.
5:21 of 3rd period - Shot by Connor Brown.
5:21 of 3rd period - Deflect By Evgeni Malkin.
5:21 of 3rd period - Shot Misses the Net.
5:23 of 3rd period - Shot by Jaccob Slavin.
5:23 of 3rd period - Stopped by Alex Stalock without a rebound.
5:24 of 3rd period - Brayden Point wins face-off versus Ryan Nugent-Hopkins in LAS VEGAS LIZARD KINGS zone.
5:35 of 3rd period - Shot by Elias Lindholm.
5:35 of 3rd period - Stopped by Alex Stalock with a rebound.
5:37 of 3rd period - Shot by Brayden Point.
5:37 of 3rd period - Deflect By Oliver Bjorkstrand.
5:37 of 3rd period - Shot Blocked by Brayden McNabb.
5:39 of 3rd period - Shot by Oliver Bjorkstrand.
5:39 of 3rd period - Deflect By Brayden Point.
5:39 of 3rd period - Shot Blocked by Matt Niskanen.
5:43 of 3rd period - Shot by Oliver Bjorkstrand.
5:43 of 3rd period - Stopped by Alex Stalock without a rebound.
5:44 of 3rd period - Sean Monahan wins face-off versus Connor Brown in LAS VEGAS LIZARD KINGS zone.
5:44 of 3rd period - Nino Niederreiter is hit by Evgeni Malkin and loses puck.
6:13 of 3rd period - Shot by Evgeni Malkin.
6:13 of 3rd period - Shot Misses the Net.
6:55 of 3rd period - Shot by Brayden Point.
6:55 of 3rd period - Shot Blocked by Nick Leddy.
6:57 of 3rd period - Shot by Oliver Bjorkstrand.
6:57 of 3rd period - Shot Misses the Net.
7:18 of 3rd period - Shot by Oliver Bjorkstrand.
7:18 of 3rd period - Stopped by Alex Stalock without a rebound.
7:19 of 3rd period - Nick Bonino wins face-off versus Ryan Nugent-Hopkins in LAS VEGAS LIZARD KINGS zone.
7:36 of 3rd period - Shot by Anthony Beauvillier.
7:36 of 3rd period - Shot Blocked by Matt Niskanen.
7:44 of 3rd period - Anthony Beauvillier is hit by Brayden McNabb and loses puck.
7:51 of 3rd period - Shot by Johnny Gaudreau.
7:51 of 3rd period - Stopped by Jacob Markstrom with a rebound.
7:53 of 3rd period - Shot by Brayden McNabb.
7:53 of 3rd period - Shot Misses the Net.
7:55 of 3rd period - Shot by Brayden McNabb.
7:55 of 3rd period - Deflect By Johnny Gaudreau.
7:55 of 3rd period - Stopped by Jacob Markstrom without a rebound.
7:56 of 3rd period - Derek Ryan wins face-off versus Evgeni Malkin in SAN JOSE BRONCOS zone.
8:23 of 3rd period - Shot by Evgeni Malkin.
8:23 of 3rd period - Shot Misses the Net.
8:25 of 3rd period - Shot by Chris Tanev.
8:25 of 3rd period - Shot Misses the Net.
8:37 of 3rd period - Shot by Claude Giroux.
8:37 of 3rd period - Stopped by Alex Stalock with a rebound.
8:39 of 3rd period - Shot by Connor Brown.
8:39 of 3rd period - Stopped by Alex Stalock with a rebound.
8:41 of 3rd period - Shot by Hampus Lindholm.
8:41 of 3rd period - Stopped by Alex Stalock without a rebound.
8:42 of 3rd period - Ryan Nugent-Hopkins wins face-off versus Oliver Bjorkstrand in LAS VEGAS LIZARD KINGS zone.
9:12 of 3rd period - Shot by Brayden Point.
9:12 of 3rd period - Shot Misses the Net.
9:14 of 3rd period - Shot by Oliver Bjorkstrand.
9:14 of 3rd period - Stopped by Alex Stalock with a rebound.
9:16 of 3rd period - Shot by Oliver Bjorkstrand.
9:16 of 3rd period - Goal by Oliver Bjorkstrand - SAN JOSE BRONCOS : 3 - LAS VEGAS LIZARD KINGS : 0.
9:17 of 3rd period - Nick Bonino wins face-off versus Evan Rodrigues in neutral zone.
9:19 of 3rd period - Off-side.
9:20 of 3rd period - Evgeni Malkin wins face-off versus Nino Niederreiter in neutral zone.
10:16 of 3rd period - Icing by John Marino.
10:17 of 3rd period - Barclay Goodrow wins face-off versus Brayden Point in LAS VEGAS LIZARD KINGS zone.
11:24 of 3rd period - Icing by Adam Pelech.
11:25 of 3rd period - Derek Ryan wins face-off versus Nick Bonino in SAN JOSE BRONCOS zone.
12:55 of 3rd period - Shot by Claude Giroux.
12:55 of 3rd period - Shot Misses the Net.
12:57 of 3rd period - Shot by Connor Brown.
12:57 of 3rd period - Stopped by Alex Stalock without a rebound.
12:58 of 3rd period - Ryan Nugent-Hopkins wins face-off versus Brayden Point in LAS VEGAS LIZARD KINGS zone.
14:32 of 3rd period - Shot by Evgeni Malkin.
14:32 of 3rd period - Deflect By Connor Brown.
14:32 of 3rd period - Stopped by Alex Stalock with a rebound.
14:34 of 3rd period - Shot by Claude Giroux.
14:34 of 3rd period - Shot Misses the Net.
14:36 of 3rd period - Shot by Chris Tanev.
14:36 of 3rd period - Stopped by Alex Stalock with a rebound.
14:38 of 3rd period - Shot by Chris Tanev.
14:38 of 3rd period - Stopped by Alex Stalock without a rebound.
14:39 of 3rd period - Nick Bonino wins face-off versus Sean Monahan in LAS VEGAS LIZARD KINGS zone.
15:07 of 3rd period - Shot by Nick Bonino.
15:07 of 3rd period - Shot Misses the Net.
15:44 of 3rd period - Elias Lindholm is hit by Barclay Goodrow and loses puck.
15:57 of 3rd period - Shot by Johnny Gaudreau.
15:57 of 3rd period - Shot Misses the Net.
15:59 of 3rd period - Shot by Johnny Gaudreau.
15:59 of 3rd period - Stopped by Jacob Markstrom without a rebound.
16:00 of 3rd period - Evgeni Malkin wins face-off versus Ryan Nugent-Hopkins in SAN JOSE BRONCOS zone.
17:07 of 3rd period - Jeff Skinner is hit by Elias Lindholm and loses puck.
17:32 of 3rd period - Shot by Elias Lindholm.
17:32 of 3rd period - Shot Blocked by Olli Maatta.
17:34 of 3rd period - Shot by Elias Lindholm.
17:34 of 3rd period - Stopped by Alex Stalock without a rebound.
17:35 of 3rd period - Nick Bonino wins face-off versus Evan Rodrigues in LAS VEGAS LIZARD KINGS zone.
17:37 of 3rd period - Anthony Beauvillier is hit by Nick Leddy.
17:42 of 3rd period - Craig Smith is hit by John Marino and loses puck.
17:46 of 3rd period - Craig Smith is hit by John Marino and loses puck.
17:49 of 3rd period - Shot by Nick Bonino.
17:49 of 3rd period - Stopped by Alex Stalock without a rebound.
17:50 of 3rd period - Evgeni Malkin wins face-off versus Sean Monahan in LAS VEGAS LIZARD KINGS zone.
17:55 of 3rd period - Shot by Evgeni Malkin.
17:55 of 3rd period - Stopped by Alex Stalock without a rebound.
17:56 of 3rd period - Ryan Nugent-Hopkins wins face-off versus Oliver Bjorkstrand in LAS VEGAS LIZARD KINGS zone.
18:25 of 3rd period - Shot by Elias Lindholm.
18:25 of 3rd period - Shot Hit the Post.
19:19 of 3rd period - Claude Giroux is hit by Barclay Goodrow and loses puck.
19:24 of 3rd period - Shot by Sean Monahan.
19:24 of 3rd period - Stopped by Jacob Markstrom without a rebound.
19:25 of 3rd period - Nick Bonino wins face-off versus Derek Ryan in SAN JOSE BRONCOS zone.
19:25 of 3rd period - Nick Bonino is hit by Drake Caggiula.
19:54 of 3rd period - Icing by Jeff Skinner.
19:55 of 3rd period - Derek Ryan wins face-off versus Brayden Point in LAS VEGAS LIZARD KINGS zone.
Goals for this period are 3 for SAN JOSE BRONCOS vs 0 for LAS VEGAS LIZARD KINGS.
Shots for this period are 22 for SAN JOSE BRONCOS vs 6 for LAS VEGAS LIZARD KINGS.


OWEN
TIPPETT
GUSTAV
FORSLING
MATTHEW
BOLDY

EAST COAST

HOCKEY LEAGUE

  • 67.PIT4RHI2
  • 68.ATL5WOR3
  • 69.QUECHW
  • 70.CHATRV